 Dungeon Crawl Stone Soup version 0.28-a0-802-g09f76e8c00 (webtiles) character file.

Game seed: 8895838380643189773

86 elagabalus the Poker (level 4, 28/28 HPs)
             Began as a Gargoyle Fighter on Nov 6, 2021.
             Quit the game on level 3 of the Dungeon.
             The game lasted 00:12:53 (1534 turns).

elagabalus the Poker (Gargoyle Fighter)             Turns: 1534, Time: 00:12:54

Health: 28/28      AC: 10    Str: 20    XL:     4   Next: 50%
Magic:  4/4        EV:  9    Int:  9    God:
Gold:   119        SH:  4    Dex:  9    Spells: 3/3 levels left

rFire   . . .      SeeInvis .   a - +1 trident
rCold   . . .      Faith    .   c - +0 buckler
rNeg    + . .      Spirit   .   b - +0 scale mail
rPois   ∞          Reflect  .   (no helmet)
rElec   +          Harm     .   (no cloak)
rCorr   .          Rampage  .   (no gloves)
Will    .....                   (no boots)
Stlth   ..........              (no amulet)
HPRegen 0.09/turn               (no ring)
MPRegen 0.09/turn               (no ring)

@: no status effects
A: sickness immunity, AC +3, negative energy resistance 1, electricity
resistance, torment resistance 1, petrification resistance
a: no special abilities


You were on level 3 of the Dungeon.
You visited 1 branch of the dungeon, and saw 3 of its levels.

You collected 119 gold pieces.

Inventory:

Hand Weapons
 a - a +1 trident (weapon)
Missiles
 h - 28 stones (quivered)
 l - 11 poisoned darts
Armour
 b - a +0 scale mail (worn)
 c - a +0 buckler (worn)
Scrolls
 f - a scroll of summoning
 j - a scroll of magic mapping
Potions
 d - a potion of might
 e - a potion of curing
 k - a potion of brilliance
 m - a potion of resistance {unknown}
 n - a potion of cancellation {unknown}


   Skills:
 - Level 3.2 Fighting
 + Level 4.0 Polearms
 - Level 3.2 Armour
 * Level 3.5 Shields


You had 3 spell levels left.
You didn't know any spells.
Your spell library contained the following spells:

 Spells                   Type           Power      Damage    Failure   Level
 Foxfire                  Conj/Fire      0%         2x1d4     77%         1


Dungeon Overview and Level Annotations

Branches:
Dungeon (3/15)

Altars:

Shops:
D:1 *


Innate Abilities, Weirdness & Mutations

You are immune to sickness and miasma.
Your stone body is resilient. (AC +3)
You are immune to poison.
You resist negative energy. (rN+)
You are resistant to electric shocks. (rElec)
You are resistant to unholy torment.
You are immune to petrification.


Message History

You climb downwards.
Found a cyan potion.
There is a stone staircase leading up here.
As you read the scroll labelled HUOLLEO RIJOIS, it crumbles to dust.
Wisps of shadow whirl around you...
It was a scroll of summoning.
As you read the scroll labelled GUARIR NICS, it crumbles to dust.
It is a scroll of identify.
e - a potion of curing
As you read the scroll of identify, it crumbles to dust.
k - a potion of brilliance
As you read the scroll labelled YVOUCOSMOECS, it crumbles to dust.
It is a scroll of enchant weapon.
Your +0 trident glows red for a moment.
As you read the scroll labelled SUNEAR EHYENWE, it crumbles to dust.
You feel aware of your surroundings.
You sensed 1 altar.
It was a scroll of magic mapping.
As you read the scroll labelled CONWUW XAFRA, it crumbles to dust.
You feel strangely unstable.
It was a scroll of teleportation.
You swap places.
Your surroundings suddenly seem different.
A kobold comes into view. It is wielding a +0 short sword.
The kobold shouts!
Found a sedimented dark potion.
Reach: a) +1 trident
Press: ? - help, Dir - move target, f - kobold
Aim: a kobold, wielding a +0 short sword (about 50% to evade your +1 trident)
You reach to attack!
You closely miss the kobold.
Reach: a) +1 trident
Press: ? - help, Dir - move target, f/p - kobold
Aim: a kobold, wielding a +0 short sword (about 50% to evade your +1 trident)
You barely miss the kobold. The kobold hits you but does no damage.
Reach: a) +1 trident
Press: ? - help, Dir - move target, f/p - kobold
Aim: a kobold, wielding a +0 short sword (about 50% to evade your +1 trident)
You hit the kobold.
You kill the kobold!
Saving game... please wait.
Welcome back, elagabalus the Gargoyle Fighter.
Press ? for a list of commands and other information.
Are you sure you want to abandon this character and quit the game? (Confirm with "yes".)

*,,*,*,,,<*,*,*,*,* *,,,,,**** *
**,******,,,,,#.*,* *,*,,,,,,***
,,,,,,,,,,,,,,..,,* *,*,,,,,,,,,
**,******,*,###.### *,*,***,,,**
*>,,,,,,,,,,.....# *,,,* *,,,*
**********#####.#.# *,,,***,,,**
,* #.......# *,*,,,,,,,,, ,*
#.......# *,*,,,,,,,,, ,*
#....)@.#***,*,,,,,,,,,
,*********#####.#......#,***,,,**
,,,,,,,,,* #.#..###.#,* *,,,*
,,,,,,,,,* #.#..# *,,,***,,,**
,,,,,,,,,*****#.#..# **,,,,,,,,,,
*+*,,,,,,,,,,,.!#..# *,,,****,**
*,*,**********###..# ***** *,*
*,*,**,,,,,,,,,,,..# *,*
*,*,**,**,,*******,***********,*


There were no monsters in sight!

Vanquished Creatures
  Terence (D:2)
  2 adders (D:2)
  A worm (D:2)
  6 endoplasms
  2 giant cockroaches (D:2)
  A hobgoblin (D:1)
  2 jackals (D:1)
  3 kobolds
  2 quokkas (D:2)
  4 ball pythons
  5 bats
  2 frilled lizards (D:2)
  4 goblins
  4 rats
39 creatures vanquished.

Notes
Turn   | Place    | Note
-------+----------+-------------------------------------------
     0 | D:1      | elagabalus the Gargoyle Fighter began the quest for the
                  | Orb.
     0 | D:1      | Reached XP level 1. HP: 14/14 MP: 1/1
    52 | D:1      | Reached skill level 2 in Polearms
   112 | D:1      | Reached XP level 2. HP: 15/19 MP: 2/2
   150 | D:1      | Found a faded altar of an unknown god.
   159 | D:1      | Got Plato's Collected Works on Fire
   556 | D:1      | Found Suesi's General Store.
   676 | D:2      | Reached skill level 3 in Polearms
   730 | D:2      | Reached XP level 3. HP: 17/23 MP: 3/3
  1295 | D:2      | Reached XP level 4. HP: 21/28 MP: 4/4
  1378 | D:2      | Noticed Terence
  1390 | D:2      | Killed Terence
  1391 | D:2      | Reached skill level 4 in Polearms
  1534 | D:3      | Upgraded the game from 0.28-a0-794-gafe8c5f9e9 to
                  | 0.28-a0-802-g09f76e8c00
  1534 | D:3      | Quit the game

Illustrated notes

Levels and vault maps discovered:
D:1:      wheals_arrival_linesprint, layout_basic, serial_shops,
          nicolae_shop_waterfront, shapermc_ecumenical_altar_rom_forum,
          lemuel_old_faithful
D:2:      layout_basic, minmay_misc_feat_tiny, uniq_terence
D:3:      layout_basic, mainiacjoe_overflow_six_doors_small,
          minmay_misc_feat_cross

Skill      XL: |  1  2  3  4 |
---------------+-------------+-----
Polearms       | 2 3 4 |  4.0
Fighting       | |  3.2
Armour         | |  3.2
Shields        | |  3.5

Action                   |  1- 3 |  4- 6 || total
-------------------------+-------+-------++-------
Melee: Trident           |   115 |    22 ||   137
  Use: Scroll            |       |     6 ||     6
       Potion            |       |     1 ||     1
Armor: Scale mail        |    42 |     7 ||    49
Dodge: Dodged            |    37 |    12 ||    49
Block: Buckler           |    15 |     3 ||    18

Table legend: (Time is in decaauts)
 A = Elapsed time spent in this place.
 B = Non-inter-level travel time spent in this place.
 C = Inter-level travel time spent in this place.
 D = Time resting spent in this place.
 E = Time spent auto-exploring this place.
 F = Levels seen in this place.
 G = Mean time per level.
                   A        B        C        D        E       F      G
               +--------+--------+--------+--------+--------+-----+--------+
         Total |   1557 |    334 |   1223 |      0 |      0 |   3 |  519.0 |
       Dungeon |   1557 |    334 |   1223 |      0 |      0 |   3 |  519.0 |
               +--------+--------+--------+--------+--------+-----+--------+

Top non-repeatable levels by time:
     D:2: 882 daAuts
     D:1: 660 daAuts
     D:3: 14 daAuts
